 Dungeon Crawl Stone Soup version 0.26.0-10-g1f06aea511 (webtiles) character file.

Game seed: 13367249407962964547

22 sanka the Covert (level 2, 0/28 HPs)
             Began as a Naga Delver on Jan 20, 2021.
             Slain by a jackal (2 damage)
             ... on level 4 of the Dungeon.
             The game lasted 00:01:04 (318 turns).

sanka the Covert (Naga Delver)                       Turns: 318, Time: 00:01:04

Health: 0/28       AC:  2    Str: 14    XL:     2   Next: 91%
Magic:  2/2        EV:  9    Int: 10    God:
Gold:   15         SH:  0    Dex: 12    Spells: 1/1 levels left

rFire    . . .     SeeInvis +   a - +0 hand axe
rCold    . . .     Faith    .   (no shield)
rNeg     . . .     Spirit   .   b - +0 leather armour
rPois    +         Reflect  .   (no helmet)
rElec    .         Harm     .   (no cloak)
rCorr    .         Rampage  .   (no gloves)
Will     .....                  (no barding)
Stlth    +++.......             (no amulet)
HPRegen  0.09/turn              (no ring)
MPRegen  0.08/turn              (no ring)

@: short of breath, very slow
A: large, see invisible, deformed body, poison resistance, slowness 2, spit
poison 1, AC +0
a: Spit Poison


You were on level 4 of the Dungeon.
You visited 1 branch of the dungeon, and saw 3 of its levels.

You collected 15 gold pieces.


Innate Abilities, Weirdness & Mutations

You cannot wear boots.
Your serpentine skin is tough. (AC +0)
You have supernaturally acute eyesight. (SInv)
Armour fits poorly on your strangely shaped body.
Your system is resistant to poisons. (rPois)
You cover ground very slowly.
You can spit poison.


   Skills:
 + Level 3.4 Fighting
 - Level 2.0 Axes
 - Level 1.5 Dodging
 - Level 8.0 Stealth


You had one spell level left.
You didn't know any spells.
Your spell library was empty.

Inventory:

Hand Weapons
 a - a +0 hand axe (weapon)
Armour
 b - a +0 leather armour (worn)
Wands
 g - a wand of digging (3)
Scrolls
 c - a scroll of fog
 d - a scroll of magic mapping
 e - a scroll of fear
Potions
 f - a potion of haste {@q3}

Dungeon Overview and Level Annotations

Branches:
Dungeon (5/15)
 Temple: D:4-7

Altars:

Annotations:
D:4 exclusions: gnoll and skeleton

▒...........▒
▒.▒.▒▒▒▒.▒▒▒▒
▒.▒.▒ ▒.▒ ▒.▒.▒
▒.▒ ▒▒.▒.▒ ▒.▒
▒.▒▒....▒ ▒.▒
▒......▒▒ ▒.▒
▒........▒▒▒.▒▒
............hN.▒
............▒▒▒..▒
..........▒▒▒ ▒..▒
......▒...▒ ▒..▒
.Z.▒▒.▒▒▒▒▒ ▒..▒ ▒
...▒ ..▒▒ .▒▒


You could see a jackal.


Message History

The jackal bites you.
* * * LOW HITPOINT WARNING * * *
The jackal barely misses you.
You hit the jackal but do no damage. The jackal bites you.
* * * LOW HITPOINT WARNING * * *
The jackal closely misses you.
You hit the jackal.
The jackal is lightly wounded.
The jackal bites you but does no damage.
Use which ability? (? or * to list)
Aim: a jackal (lightly wounded)
The splash of poison misses the jackal.
The jackal bites you but does no damage.
The jackal bites you but does no damage.
You closely miss the jackal.
The jackal is lightly wounded.
The jackal bites you but does no damage.
You hit the jackal but do no damage.
The jackal is lightly wounded.
You have got your breath back.
The jackal bites you.
* * * LOW HITPOINT WARNING * * *
The jackal bites you.
* * * LOW HITPOINT WARNING * * *
Use which ability? (? or * to list)
Aim: a jackal (lightly wounded)
The splash of poison misses the jackal.
The jackal bites you.
You die...

Action                   || total
-------------------------++-------
Melee: Hand axe          ||    25
 Abil: Spit Poison       ||    10
Armor: Leather armour    ||     9
Dodge: Dodged            ||    13

Levels and vault maps discovered:
D:3:      layout_rooms, zin_angel, tgw_sif
D:4:      layout_loops_ring, nicolae_overflow_hidden_temple
D:5:      layout_basic, lemuel_round_altar, minmay_temple_entry_tees,
          nicolae_tso_swordbearing_angel

Notes
Turn   | Place    | Note
-------+----------+-------------------------------------------
     0 | D:5      | sanka the Naga Delver began the quest for the Orb.
     0 | D:5      | Reached XP level 1. HP: 21/21 MP: 1/1
    58 | D:5      | Reached skill level 8 in Stealth
    58 | D:5      | Reached XP level 2. HP: 15/28 MP: 2/2
   103 | D:5      | Noticed a sky beast
   317 | D:4      | HP: 2/28 [jackal (2)]
   318 | D:4      | Slain by a jackal

Vanquished Creatures
  An adder (D:5)
  An ufetubus (D:5)
  A worm (D:4)
  3 jackals (D:3)
6 creatures vanquished.

Table legend: (Time is in decaauts)
 A = Elapsed time spent in this place.
 B = Non-inter-level travel time spent in this place.
 C = Inter-level travel time spent in this place.
 D = Time resting spent in this place.
 E = Time spent auto-exploring this place.
 F = Levels seen in this place.
 G = Mean time per level.
                   A        B        C        D        E       F      G
               +--------+--------+--------+--------+--------+-----+--------+
         Total |    377 |    372 |      5 |    133 |    122 |   3 |  125.7 |
       Dungeon |    377 |    372 |      5 |    133 |    122 |   3 |  125.7 |
               +--------+--------+--------+--------+--------+-----+--------+

Top non-repeatable levels by time:
     D:5: 220 daAuts
     D:4: 138 daAuts
     D:3: 18 daAuts
